 Dungeon Crawl Stone Soup version 0.29.1-12-g30fa7ad0bf (webtiles) character file.

Game seed: 11290286200221473041

664 fantasyman the Chopper (level 7, -1/61 HPs)
             Began as a Minotaur Fighter on Dec 28, 2022.
             Was an Initiate of Gozag.
             Succumbed to a scorpion's poison
             ... on level 5 of the Dungeon.
             The game lasted 00:07:25 (5636 turns).

fantasyman the Chopper (Minotaur Fighter)           Turns: 5636, Time: 00:07:25

Health: -1/61      AC:  7    Str: 20 (22) XL:     7   Next: 31%
Magic:  6/6        EV:  9    Int:  2 (5)  God:    Gozag
Gold:   193        SH:  5    Dex: 13 (16) Spells: 6/6 levels left

rFire   . . .      SeeInvis .   a - +1 war axe
rCold   . . .      Faith    .   c - +0 buckler
rNeg    . . .      Spirit   .   b - +0 scale mail
rPois   .          Reflect  .   (helmet restricted)
rElec   .          Harm     .   (no cloak)
rCorr   .          Rampage  .   (no gloves)
Will    .....                   (no boots)
Stlth   ..........              (no amulet)
HPRegen 0.20/turn               k - +6 ring of dexterity
MPRegen 0.10/turn               (no ring)

@: lethally poisoned (-1 -> -10), about to teleport
A: horns 2, retaliatory headbutt
a: Renounce Religion, Potion Petition, Call Merchant, Bribe Branch


You were on level 5 of the Dungeon.
You worshipped Gozag.
Gozag was aware of your devotion.
You visited 2 branches of the dungeon, and saw 6 of its levels.

You collected 256 gold pieces.
You paid 63 gold pieces to Gozag.

Inventory:

Hand Weapons
 a - a +1 war axe (weapon)
Armour
 b - a +0 scale mail (worn)
 c - a +0 buckler (worn)
Jewellery
 k - a +6 ring of dexterity (left hand)
Wands
 g - a wand of mindburst (14)
 o - a wand of roots (3)
Scrolls
 e - 2 scrolls of blinking {unknown}
 f - a scroll of immolation
 i - a scroll of identify
 l - a scroll of butterflies
Potions
 j - a potion of attraction


   Skills:
 + Level 5.5 Fighting
 + Level 6.4 Axes
 + Level 6.3 Armour
 - Level 0.2 Dodging
 + Level 4.9 Shields


You had 6 spell levels left.
You didn't know any spells.
Your spell library contained the following spells:

 Spells                   Type           Power      Damage    Failure   Level
 Necrotise                Necr           0%         1d4       91%         1
 Sandblast                Erth           0%         2d4       91%         1
 Shock                    Conj/Air       0%         1d3       91%         1
 Ensorcelled Hibernation  Hex/Ice        0%         N/A       97%         2
 Passwall                 Tmut/Erth      0%         N/A       97%         2
 Ozocubu's Armour         Ice            0%         N/A       100%        3
 Stone Arrow              Conj/Erth      0%         3d7       100%        3
 Swiftness                Air            0%         N/A       100%        3
 Vampiric Draining        Necr           0%         2d6       100%        3
 Airstrike                Air            0%         2d(0-16)  100%        4
 Agony                    Necr           0%         N/A       100%        5
 Ozocubu's Refrigeration  Ice            0%         4d7       100%        7


Dungeon Overview and Level Annotations

Branches:
Dungeon (5/15)             Temple (1/1) D:5

Altars:
Ashenzari
Cheibriados
Dithmenos
Elyvilon
Fedhas
Gozag
Hepliaklqana
Makhleb
Nemelex Xobeh
Okawaru
Qazlal
Ru
Trog
Uskayaw
Vehumet
Wu Jian
Xom
Yredelemnul
Zin
The Shining One

Shops:
D:4 **


Innate Abilities, Weirdness & Mutations

You have a pair of horns on your head.
You reflexively headbutt those who attack you in melee.


Message History

The gnoll hits you from afar with a +0 spear.
The gnoll completely misses you.
You hear an angry hiss.
It was a potion of degeneration.
There was something very wrong with that liquid.
You feel weakened.
You feel dopey.
You feel clumsy.
The howler monkey is no longer distracted by gold.
The howler monkey barely misses you. The gnoll closely misses you.
The gnoll barely misses you.
The howler monkey attacks as you move away!
You block the howler monkey's attack. The ogre attacks as you move away!
The ogre hits you with a +0 giant club!!
The howler monkey hoots and howls with incredible vigour!
You hear an angry hiss.
The gnoll is distracted by your dazzling golden aura.
The ogre attacks as you move away! The ogre barely misses you.
The ogre attacks as you move away!
The ogre hits you with a +0 giant club!!
* * * LOW HITPOINT WARNING * * *
The gnoll is distracted by your dazzling golden aura.
The scorpion attacks as you move away!
The scorpion stings you but does no damage.
The scorpion attacks as you move away! You block the scorpion's attack.
The howler monkey hoots and howls with incredible vigour!
You hear a shout!
The scorpion attacks as you move away! The scorpion stings you.
* * * LOW HITPOINT WARNING * * *
You are lethally poisoned!
The scorpion poisons you!
* * * LOW HITPOINT WARNING * * *
You feel very sick.
The scorpion stings you but does no damage.
As you read the scroll of teleportation, it crumbles to dust.
You feel strangely unstable.
* * * LOW HITPOINT WARNING * * *
You feel sick. You block the scorpion's attack.
The ogre attacks as you move away! The ogre misses you.
You furiously retaliate!
You headbutt the ogre!
You die...
Your body crumbles into a pile of gold.

#...##### #.......# #.....
#.......##### #.......## #.....
##.>.........########....####)...
............................)....
........................#...)##..
...........^#.....#....###..#####
............#.........## #...#
...........#.........######..##
...........#....@........##...#
..........##..................##
..........##...Os..............#
.........##....................#
.#...######..h.................##
.##### #......................#
...### ##....##................#
#....####....###.................
###....##wg.## ##................


You could see an ogre, a scorpion and a howler monkey (catching breath).

Vanquished Creatures
  A centaur (D:5)
  A necrophage (D:4)
  2 scorpions (D:5)
  A howler monkey (D:5)
  A jelly (D:2)
  A gnoll bouda (D:4)
  2 hounds
  An iguana (D:4)
  An orc wizard (D:5)
  9 gnolls
  4 adders
  3 dart slugs
  14 orcs
  5 bats
  5 endoplasms
  2 giant cockroaches
  3 goblins
  7 hobgoblins
  8 ball pythons
  2 frilled lizards (D:3)
  8 kobolds
  3 rats
84 creatures vanquished.

Notes
Turn   | Place    | Note
-------+----------+-------------------------------------------
     0 | D:1      | fantasyman the Minotaur Fighter began the quest for the
                  | Orb.
     0 | D:1      | Reached XP level 1. HP: 19/19 MP: 0/0
   246 | D:1      | Found a faded altar of an unknown god.
   350 | D:1      | Reached XP level 2. HP: 27/27 MP: 1/1
   354 | D:1      | You fall into a shaft and drop 1 floor!
   417 | D:2      | Found a broken altar of Ashenzari.
   573 | D:2      | Reached XP level 3. HP: 22/33 MP: 2/2
  1605 | D:3      | Reached XP level 4. HP: 39/41 MP: 3/3
  2166 | D:4      | Found Hunkena's Assorted Antiques.
  2301 | D:4      | Noticed a necrophage
  2306 | D:4      | Killed a necrophage
  2307 | D:4      | Reached XP level 5. HP: 19/47 MP: 4/4
  2598 | D:4      | Reached skill level 5 in Armour
  2600 | D:4      | Reached skill level 5 in Axes
  2603 | D:4      | Reached XP level 6. HP: 15/55 MP: 5/5
  3166 | D:4      | Found Houklis's General Store.
  3559 | D:4      | Reached skill level 5 in Fighting
  4150 | D:5      | Entered Level 5 of the Dungeon
  4332 | D:5      | HP: 2/56 [poisoned by a scorpion]
  4912 | D:5      | Found a staircase to the Ecumenical Temple.
  4928 | Temple   | Entered the Ecumenical Temple
  5162 | Temple   | Became a worshipper of Gozag Ym Sagoz the Greedy
  5231 | D:5      | Reached XP level 7. HP: 54/61 MP: 6/6
  5634 | D:5      | HP: 2/61 [poisoned by a scorpion]
  5636 | D:5      | Succumbed to a scorpion's poison

Illustrated notes

Levels and vault maps discovered:
D:1:      nzn_arrival_settlement, layout_rooms,
          shapermc_ecumenical_altar_mp_highgroup
D:2:      layout_rooms, serial_curves, eino_curves_04, eino_curves_01,
          basic_altar
D:3:      layout_loops_cross, minmay_starry_boxes
D:4:      layout_layer_cave, serial_shops, nicolae_diamond_shop,
          nicolae_stop_n_shop_1
D:5:      layout_cave_pods, minmay_temple_entry_offerings,
          small_statue_intersection
Temple:   mainiacjoe_temple_archimedes_tessellation

Skill      XL: |  1  2  3  4  5  6 |
---------------+-------------------+-----
Fighting       | 4 5 |  5.5
Axes           | 3 4 5 6 |  6.4
Armour         | 4 5 6 |  6.3
Shields        | 4 |  4.9
Dodging        | |  0.2

Action                   |  1- 3 |  4- 6 |  7- 9 || total
-------------------------+-------+-------+-------++-------
Melee: War axe           |    64 |   110 |    16 ||   190
       Headbutt          |     5 |    17 |     3 ||    25
  Use: Scroll            |     3 |     6 |     1 ||    10
       Potion            |       |     6 |     1 ||     7
 Stab: Invisible         |       |     2 |       ||     2
Armor: Scale mail        |    42 |    59 |    17 ||   118
Dodge: Dodged            |    27 |    51 |    14 ||    92
Block: Buckler           |    19 |    33 |     6 ||    58
